 Dungeon Sprint DCSS version 0.16-a0-4097-gb4d75fa (webtiles) character file.

121 Hedron the Covert (level 4, 0/18 (21) HPs)
             Began as a Spriggan Enchanter on Feb 25, 2015.
             Killed by nerve-wracking pain
             ... invoked by a deep elf priest
              (10 damage)
             ... in the Dungeon (Sprint III: "The Ten Rune Challenge").
             The game lasted 00:05:31 (825 turns).

Hedron the Covert (Spriggan Enchanter)               Turns: 825, Time: 00:05:31

HP:   0/18 (21)     AC:  3    Str:  5    XL:     4   Next: 77%
MP:   5/20          EV: 18    Int: 16    God:
Gold: 25            SH:  0    Dex: 16    Spells: 6 memorised, 2 levels left

rFire  . . .     SeeInvis +     a - +2 dagger
rCold  . . .     Clarity  .     b - +1 robe
rNeg   . . .     SustAb   .     (shield restricted)
rPois  .         Gourm    .     (helmet restricted)
rElec  .         Spirit   .     (no cloak)
rCorr  .         Warding  .     (gloves unavailable)
rMut   .         NoTele   +     (boots unavailable)
MR     .....                    (no amulet)
Stlth  +++++.....               (no ring)
                                (no ring)

@: very quick, not resistant to hostile enchantments, quite stealthy
A: unfitting armour, see invisible, herbivore 3, speed 3, slow metabolism 2
a: no special abilities


You were in the Dungeon.
You were not hungry.

You visited 1 branch You collected 25 gold pieces.

Inventory:

Hand weapons
 a - a +2 dagger (weapon)
Armour
 b - a +1 robe (worn)
Scrolls
 j - 2 scrolls of blinking
 n - a scroll of remove curse
Potions
 g - a potion of haste
 h - 2 potions of magic
 k - 2 potions of mutation
 o - 2 potions of flight
 p - a potion of decay
Books
 c - a book of Maledictions

   Spells                             Type                      Level
   a - Corona                         Hexes                        1
   b - Sure Blade                     Hexes/Charms                 2
   c - Ensorcelled Hibernation        Hexes/Ice                    2
   d - Confuse                        Hexes                        3
   e - Dazzling Spray                 Conjuration/Hexes            3
   f - Enslavement                    Hexes                        4
 e - a book of Dreams

   Spells                             Type                      Level
   a - Ensorcelled Hibernation        Hexes/Ice                    2
   b - Flight                         Charms/Air                   3
   c - Phase Shift                    Translocation                5
   d - Shadow Creatures               Summoning                    5
   e - Mass Confusion                 Hexes                        6
   f - Darkness                       Hexes                        7
 f - a book of Flames

   Spells                             Type                      Level
   a - Flame Tongue                   Conjuration/Fire             1
   b - Throw Flame                    Conjuration/Fire             2
   c - Conjure Flame                  Conjuration/Fire             3
   d - Inner Flame                    Hexes/Fire                   3
   e - Sticky Flame                   Conjuration/Fire             4
   f - Fireball                       Conjuration/Fire             5
Comestibles
 d - 2 bread rations
 t - a royal jelly


   Skills:
 - Level 1.1 Short Blades
 - Level 3.0 Dodging
 + Level 9.6 Stealth
 + Level 7.0 Spellcasting
 + Level 7.6 Hexes


You had 2 spell levels left.
You knew the following spells:

 Your Spells              Type           Power        Failure   Level  Hunger
a - Corona                Hex            ####...      1%          1    None
b - Ensorcelled Hibernat  Hex/Ice        ###...       4%          2    None
c - Sure Blade            Hex/Chrm       ###.......   4%          2    None
d - Confuse               Hex            ####....     1%          3    ##.....
e - Dazzling Spray        Conj/Hex       ###.....     10%         3    ##.....
f - Enslavement           Hex            ####....     8%          4    ####...


Dungeon Overview and Level Annotations

Branches:
Dungeon (1/1)

Altars:
Elyvilon
Kikubaaqudgha
Sif Muna
Vehumet
Zin
The Shining One


Innate Abilities, Weirdness & Mutations

You are tiny and cannot use many weapons and most armour.
You have supernaturally acute eyesight.
You are a herbivore.
You cover ground extremely quickly.
You need consume almost no food.


Message History

The deep elf priest invokes the aid of its god against you.
You struggle to resist.
Casting: Confuse
Confirm with . or Enter, or press ? or * to list all spells.
Aiming: Confuse
Press: ? - help, Shift-Dir - straight line, f/p - deep elf priest
Aim: a deep elf priest, wielding a long sword of holy wrath (lightly wounded, chance 24%)
The deep elf priest resists with almost no effort.
The deep elf priest calls down the wrath of its god upon you.
Pain shoots through your body!
Casting: Confuse
Confirm with . or Enter, or press ? or * to list all spells.
Aiming: Confuse
Press: ? - help, Shift-Dir - straight line, f/p - deep elf priest
Aim: a deep elf priest, wielding a long sword of holy wrath (lightly wounded, chance 24%)
The deep elf priest resists with almost no effort.
The deep elf priest calls down the wrath of its god upon you.
Pain shoots through your body!
Ouch! That really hurt!
You die...

▓▓▓▓▓ ▓▓▓ #...####
##.#####
#......#####..#___#
#.......#..#..#e@.#
##.##...#..#..###'#+###+##
##.###..##'#..#..........#
###.##..###...'.⌠........#
#..##..####...#...######+#
...##..###....#.⌠.#
..##...##.....#...#
.##....#......#'###
###..##.#.....#)..#


You could see a deep elf priest.

Vanquished Creatures
  A water elemental (D)
  A wizard (D)
  A human (D)
  A kobold demonologist (D)
  A phantom (D)
  2 oozes (D)
  2 rats (D)
9 creatures vanquished.

Vanquished Creatures (others)
  2 draconian scorchers (D)
  A yaktaur (D)
  An electric eel (D)
  A plant (D)
5 creatures vanquished.

Grand Total: 14 creatures vanquished

Notes
Turn   | Place    | Note
--------------------------------------------------------------
     0 | D        | Hedron, the Spriggan Enchanter, began the quest for the Orb.
     0 | D        | Reached XP level 1. HP: 9/9 MP: 4/4
    14 | D        | Reached skill level 5 in Stealth
   271 | D        | Killed a white draconian scorcher
   274 | D        | Reached skill level 6 in Stealth
   274 | D        | Reached skill level 5 in Hexes
   274 | D        | Reached XP level 2. HP: 13/13 MP: 7/9
   283 | D        | Learned a level 2 spell: Ensorcelled Hibernation
   296 | D        | Reached skill level 7 in Stealth
   354 | D        | Killed an electric eel
   362 | D        | Killed a yaktaur
   408 | D        | Learned a level 2 spell: Sure Blade
   426 | D        | Killed a white draconian scorcher
   429 | D        | Noticed a water elemental
   440 | D        | Killed a water elemental
   440 | D        | Reached skill level 8 in Stealth
   440 | D        | Reached XP level 3. HP: 16/16 MP: 9/16
   440 | D        | Reached XP level 4. HP: 21/21 MP: 10/18
   487 | D        | Learned a level 3 spell: Confuse
   491 | D        | Learned a level 3 spell: Dazzling Spray
   519 | D        | Found a radiant altar of Vehumet.
   519 | D        | Found a deep blue altar of Sif Muna.
   519 | D        | Found an ancient bone altar of Kikubaaqudgha.
   519 | D        | Noticed a wizard
   531 | D        | Killed a wizard
   531 | D        | Reached skill level 9 in Stealth
   560 | D        | Learned a level 4 spell: Enslavement
   817 | D        | Found a glowing silver altar of Zin.
   817 | D        | Found a glowing golden altar of the Shining One.
   817 | D        | Found a white marble altar of Elyvilon.
   818 | D        | Noticed a deep elf priest
   825 | D        | Killed from afar by a deep elf priest

Action                   |  1- 3 |  4- 6 || total
-------------------------+-------+-------++-------
Melee: Dagger            |    36 |    12 ||    48
 Cast: Corona            |     6 |       ||     6
       Sure Blade        |     1 |     3 ||     4
       Ensorcelled Hiber |     1 |       ||     1
       Confuse           |       |    10 ||    10
  Use: Scroll            |     5 |     1 ||     6
       Potion            |     1 |     5 ||     6
 Stab: Sleeping          |     3 |       ||     3
       Confused          |       |     1 ||     1
